Cogmind - Beta 10.2 @@@ ROGUE MODE // 2021.08.28 @ 15:46:08 Player: Chloroform Result: Destroyed by G-47 Trooper with Particle Gun Performance ------------- Evolutions (2) 1000 Regions Visited (3) 600 Robots Destroyed (35) 175 Value Destroyed (966) 966 Prototype IDs (4) 80 Alien Tech Used (0) 0 Bonus (0) 0 TOTAL SCORE: 2821 Bonus ------- None Cogmind --------- Core Integrity 0/550 Matter 290/300 Energy 93/100 System Corruption 0% Temperature Cool (18) Movement Core (50) Location -8/Materials Parts ------- > --- POWER (3) -------- (None) > --- PROPULSION (4) --- (None) > --- UTILITY (2) ------ (None) > --- WEAPON (2) ------- Katana > --- INVENTORY (4) ---- Flight Unit Flight Unit Peak State ------------ > --- POWER ------------ Ion Engine Light Ion Engine Light Ion Engine > --- PROPULSION ------- Cesium-ion Thruster Cesium-ion Thruster Cesium-ion Thruster Cesium-ion Thruster > --- UTILITY ---------- Small Storage Unit Weight Redist. System > --- WEAPON ----------- Katana Katana > --- INVENTORY -------- Flight Unit Flight Unit Katana [Rating: 24] Favorites ----------- Power Light Ion Engine Engine Light Ion Engine Power Core Light Nuclear Core Propulsion Aluminum Leg Leg Aluminum Leg Flight Unit Flight Unit Utility Small Storage Unit Device Heat Sink Storage Small Storage Unit Processor Improved Targeting Computer Weapon Katana Energy Gun EM Pulse Gun Energy Cannon Beam Cannon Ballistic Gun Shotgun Special Weapon Welding Torch Slashing Weapon Katana Build | -11 -10 -9 -8 ------- Run | Scr Mat Mat Mat Slots Evolved 4 | . . 2 2 Power 2 | . . 1 1 Propulsion 2 | . . 1 1 Utility . | . . . . Weapon . | . . . . Parts Attached 46 | . 13 25 8 Power 8 | . 1 6 1 Engine 7 | . 1 5 1 Core 1 | . . 1 . Reactor . | . . . . Propulsion 21 | . 5 11 5 Treads . | . . . . Leg 10 | . 5 3 2 Wheel . | . . . . Hover . | . . . . Flight 11 | . . 8 3 Utility 4 | . 2 2 . Device 3 | . 2 1 . Storage . | . . . . Processor 1 | . . 1 . Hackware . | . . . . Protection . | . . . . Artifact . | . . . . Weapon 13 | . 5 6 2 Energy Gun 7 | . 4 3 . Energy Cannon 1 | . 1 . . Ballistic Gun 1 | . . 1 . Ballistic Cannon . | . . . . Launcher . | . . . . Special Weapon 1 | . . 1 . Impact Weapon . | . . . . Slashing Weapon 3 | . . 1 2 Piercing Weapon . | . . . . Special Melee Weapon . | . . . . Unidentified Prototypes . | . . . . Parts Lost 20 | . 3 4 13 Power 5 | . . 2 3 Propulsion 6 | . . . 6 Utility 3 | . . 1 2 Weapon 6 | . 3 1 2 Highest Loss Streak 13 | . 2 2 13 Average Slot Usage (%) 90 | . 93 91 71 Engine 15 | . 14 17 15 Core 1 | . . 2 . Leg 21 | . 28 17 . Flight 8 | . . 15 24 Device 7 | . 11 2 7 Storage 12 | . 14 11 7 Processor 2 | . . 6 . Energy Gun 11 | . 17 6 . Energy Cannon 3 | . 6 . . Ballistic Gun 1 | . . 4 . Slashing Weapon 3 | . . 6 14 Naked Turns 2 | . . . 2 Heaviest Build 20 | 10 14 20 19 Greatest Support 30 | 20 20 30 30 Greatest Overweight (x) 3 | . . 3 . Average Overweight (x) . | . . . . Largest Inventory Capacity 6 | . 6 6 6 Average Capacity 5 | . 6 6 5 Most Carried 6 | . 6 6 5 Average Carried 5 | . 5 5 2 Final Capacity 6 | 6 6 6 4 Final Carried 6 | 6 6 6 2 Class Distribution -------------------- 66% | Scavenger-Mutant 27% | Mutant 4% | Scavenger-Sprinter Dominant Class ---------------- Scavenger-Mutant | -10/Materials Scavenger-Mutant | -9/Materials Scavenger-Sprinter | -8/Materials Resources | -11 -10 -9 -8 ----------- Run | Scr Mat Mat Mat Matter Collected 628 | 200 115 262 51 Remotely . | . . . . Salvage Created 1413 | . 813 448 152 Parts 78 | . 30 38 10 Haulers Intercepted . | . . . . Recyclers Shooed 3 | . 2 1 . Parts Field Recycled . | . . . . Retrieved Matter . | . . . . Parts Self-Destructed . | . . . . Prevented . | . . . . Kills | -11 -10 -9 -8 ------- Run | Scr Mat Mat Mat Combat Hostiles Destroyed 31 | . 14 14 3 Melee 9 | . . 6 3 Guns 14 | . 8 6 . Cannons 6 | . 6 . . AOE 2 | . . 2 . Classes Destroyed 6 | . 4 2 . Worker 1 | . 1 . . Recycler 3 | . 3 . . Swarmer 9 | . 3 6 . Grunt 16 | . 11 4 1 Duelist 2 | . . 1 1 Sentry 4 | . . 3 1 Best Kill Streak 5 | . 3 5 3 Combat Bots Only 5 | . 3 5 3 Max Kills in Single Turn 3 | . 1 3 1 Gunslinging 1 | . . 1 . Exploded 2 | . . 2 . Melee 1 | . . 1 1 Uniques/NPCs Destroyed . | . . . . Combat | -11 -10 -9 -8 -------- Run | Scr Mat Mat Mat Damage Taken 2559 | . 735 639 1185 Core 839 | . 175 98 566 Absorbed by Shields . | . . . . Core Remaining (%) 68 | 100 30 75 . Volleys Fired 89 | . 71 18 . Largest 2 | . 2 2 . Hottest 100 | . 100 68 . Shots Fired 142 | . 106 36 . Gun 116 | . 80 36 . Cannon 26 | . 26 . . Launcher . | . . . . Special . | . . . . Kinetic 18 | . . 18 . Thermal 80 | . 77 3 . Explosive . | . . . . Electromagnetic 44 | . 29 15 . Robot Hit Streak 16 | . 16 9 . Robot Miss Streak 6 | . 4 6 . Penetration Max . | . . . . Secondary Targets 2 | . 1 1 . Max Gunslinging Chain 1 | . 1 1 . Shots Hit Robots 124 | . 71 33 20 Core Hits 51 | . 26 20 5 Critical Hits 2 | . . . 2 Critical Kills 1 | . . . 1 Critical Parts Destroyed 1 | . . . 1 Melee Attacks 47 | . . 19 28 Impact . | . . . . Slashing 47 | . . 19 28 Piercing . | . . . . Sneak Attacks 1 | . . 1 . Combat Hostiles . | . . . . Follow-up Attacks 5 | . . . 5 Damage Inflicted 2207 | . 762 828 617 Guns 781 | . 516 265 . Cannons 225 | . 225 . . Explosions 112 | . 21 91 . Melee 1087 | . . 472 615 Ramming 2 | . . . 2 Kinetic 157 | . . 157 . Thermal 670 | . 548 122 . Explosive . | . . . . Electromagnetic 291 | . 214 77 . Impact . | . . . . Slashing 1087 | . . 472 615 Piercing . | . . . . Highest Corruption . | . . . . Average Corruption . | . . . . Corruption Purged . | . . . . Overload Shots . | . . . . Overflow Damage 79 | . 2 58 19 Projectiles 2 | . 2 . . Explosions . | . . . . Melee 77 | . . 58 19 Knockbacks . | . . . . Impact . | . . . . Kinetic . | . . . . Secondary . | . . . . Self-Inflicted Damage 65 | . 27 37 1 Shots 2 | . 1 1 . Rammed 4 | . 1 . 3 Targets Rammed 4 | . 1 . 3 Kicked . | . . . . Crushed . | . . . . Highest Temperature 131 | . 102 131 15 Average Temperature 29 | . 28 39 5 Received Heat Transfer 1110 | . 366 123 621 Siege Activations . | . . . . Robots Corrupted . | . . . . Combat Hostiles . | . . . . Parts Fried . | . . . . Impact Corruptions . | . . . . Robots Melted . | . . . . Combat Hostiles . | . . . . Parts Melted 4 | . 4 . . Heat Transferred 1561 | . 1336 225 . Parts Sabotaged . | . . . . Parts Stolen . | . . . . Parts Stripped . | . . . . Power Chain Reactions 2 | . 1 1 . Missiles Intercepted . | . . . . Alert | -11 -10 -9 -8 ------- Run | Scr Mat Mat Mat Peak Influence 361 | . 305 361 161 Initial 121 | . . 121 78 Average 191 | . 192 207 107 Maximum Alert Level 1 | . 1 1 . Low Security (%) 48 | . 38 48 100 Level 1 51 | . 61 51 . Level 2 . | . . . . Level 3 . | . . . . Level 4 . | . . . . Level 5 . | . . . . High Security . | . . . . Max Security . | . . . . Squads Dispatched 9 | . 6 1 2 Investigation 4 | . 2 1 1 Extermination . | . . . . Reinforcement 5 | . 4 . 1 Assault . | . . . . Garrison . | . . . . Intercept . | . . . . Construction Impeded . | . . . . Haulers Reinforced . | . . . . Stealth | -11 -10 -9 -8 --------- Run | Scr Mat Mat Mat Distress Signals 5 | . 3 2 . Communications Jammed . | . . . . Distress Signals . | . . . . Times Spotted 49 | . 21 19 9 Peak Tracking Total 5 | . 4 5 5 Tactical Retreats 3 | . 1 1 1 Traps | -11 -10 -9 -8 ------- Run | Scr Mat Mat Mat Traps Triggered 1 | . 1 . . Indirectly . | . . . . Trap Hack Attempts . | . . . . Triggered . | . . . . Disarmed . | . . . . Reprogrammed . | . . . . Reused . | . . . . Traps Extracted . | . . . . Installed . | . . . . Triggered . | . . . . Machines | -11 -10 -9 -8 ---------- Run | Scr Mat Mat Mat Machines Disabled . | . . . . Max in Single Turn . | . . . . Machines Sabotaged . | . . . . Garrisons Compromised . | . . . . Overloaded Fab Kills . | . . . . Fab Network Shutdowns . | . . . . Hacking | -11 -10 -9 -8 --------- Run | Scr Mat Mat Mat Machines Accessed 12 | . 4 6 2 Terminals 9 | . 2 6 1 Fabricators . | . . . . Repair Stations . | . . . . Recycling Units 2 | . 2 . . Scanalyzers 1 | . . . 1 Garrison Access . | . . . . Total Hacks 44 | . 15 19 10 Successful 33 | . 12 14 7 Failed 11 | . 3 5 3 Catastrophic 2 | . . 2 . Database Lockouts . | . . . . Manual 8 | . 1 4 3 Terminals 33 | . 7 19 7 Fabricators . | . . . . Repair Stations . | . . . . Recycling Units 8 | . 8 . . Scanalyzers 3 | . . . 3 Garrison Access . | . . . . Terminal Hacks 24 | . 5 14 5 Record 8 | . 3 2 3 Part Schematic 2 | . . 2 . Prototype ID Bank 2 | . . 1 1 Fabricator Index 1 | . 1 . . Alert Level 2 | . . 2 . Unreport Threat 1 | . . 1 . Locate Traps 1 | . . 1 . Investigation Status 2 | . . 2 . Hauler Manifests 2 | . 1 1 . Zone Layout 3 | . . 2 1 Fabricator Hacks . | . . . . Repair Station Hacks . | . . . . Recycling Unit Hacks 7 | . 7 . . Recycle Component 2 | . 2 . . Process 4 | . 4 . . Report Inventory 1 | . 1 . . Scanalyzer 2 | . . . 2 Insert Component 2 | . . . 2 Garrison Access Hacks . | . . . . Unauthorized Hacks . | . . . . Terminals . | . . . . Fabricators . | . . . . Repair Stations . | . . . . Recycling Units . | . . . . Scanalyzers . | . . . . Garrison Access . | . . . . Data Cores Recovered . | . . . . Used . | . . . . Hacking Detections 8 | . 3 4 1 Full Trace Events 7 | . 3 3 1 Feedback Events . | . . . . Feedback Blocked . | . . . . Robot Schematics Acquired . | . . . . Robots Built . | . . . . Matter . | . . . . Time . | . . . . Total Robot Build Rating . | . . . . Part Schematics Acquired 2 | . . 2 . Parts Built . | . . . . Matter . | . . . . Time . | . . . . Total Part Build Rating . | . . . . Parts Repaired . | . . . . Time . | . . . . Parts Recycled 2 | . 2 . . Recycled Matter 204 | . 204 . . Retrieved Matter . | . . . . Retrieved Components . | . . . . Parts Scanalyzed 1 | . . . 1 Part Schematics Acquired . | . . . . Parts Damaged . | . . . . Bothacking | -11 -10 -9 -8 ------------ Run | Scr Mat Mat Mat Used RIF Installer . | . . . . Robots Hacked . | . . . . Non-combat . | . . . . Combat . | . . . . Robot Hacks Applied . | . . . . Relay Couplers Released . | . . . . Robots Rewired . | . . . . Allies Hacked . | . . . . Hacks Repelled . | . . . . Allies | -11 -10 -9 -8 -------- Run | Scr Mat Mat Mat Total Allies . | . . . . Largest Group . | . . . . Highest-Rated Group . | . . . . Highest-Rated Ally . | . . . . Total Orders . | . . . . Ally Attacks . | . . . . Total Damage . | . . . . Kills . | . . . . Allies Corrupted . | . . . . Allies Melted . | . . . . Intel | -11 -10 -9 -8 ------- Run | Scr Mat Mat Mat Robot Analysis Total . | . . . . Derelict Logs Recovered . | . . . . Drone Launches . | . . . . Drone Recoveries . | . . . . Exploration | -11 -10 -9 -8 ------------- Run | Scr Mat Mat Mat Turns Passed 1504 | . 778 596 130 Spaces Moved 1196 | 1 436 673 86 Core 4 | . . . 4 Treads . | . . . . Legs 597 | 1 436 157 3 Wheels . | . . . . Hover . | . . . . Flight 595 | . . 516 79 Fastest Speed 31 | 120 120 34 31 Average Speed 78 | 120 120 57 35 Slowest Speed 290 | 120 120 290 120 Overloaded Moves . | . . . . Propulsion Burnouts . | . . . . Robots Hopped . | . . . . Cave-ins Triggered . | . . . . Exploration Rate (%) 32 | 1 66 53 9 Regions Visited 3 Branch Regions . Pre-discovered Areas . | . . . . Known Exits Taken . | . . . . Unknown Exits Taken 3 | 1 1 1 . Scrap Searched . | . . . . Spaces Dug . | . . . . Terrain Destroyed 6 | . 4 2 . Melee . | . . . . Projectile . | . . . . AOE 6 | . 4 2 . Terrain Rammed . | . . . . Walls Destroyed . | . . . . Machines Disabled . | . . . . Actions | -11 -10 -9 -8 --------- Run | Scr Mat Mat Mat Total 1559 | . 587 823 149 Wait 127 | . 47 51 29 Move 1193 | . 435 672 86 Hop . | . . . . Pick Up 24 | . 10 14 . Fast Attach 9 | . 1 6 2 Attach 13 | . 4 5 4 Detach . | . . . . Swap 24 | . 8 14 2 Drop 34 | . 10 24 . Fire 89 | . 71 18 . Melee 42 | . . 19 23 Ram 1 | . . . 1 Kick 3 | . 1 . 2 Crush . | . . . . Escape Stasis . | . . . . Rewire . | . . . . Trap . | . . . . Miscellaneous . | . . . . Route ------- -11/Scrapyard -10/Materials (discovered 2 exits: *Mat x2) -9/Materials (discovered 2 exits: *Mat / [*Min]) -8/Materials History --------- Turn | Location | Event 1 | -11/Scrapyard | Discovered new exit (range 0) 1 | -11/Scrapyard | Entered Materials 213 | -10/Materials | Discovered new exit (range 7) 303 | -10/Materials | Build established: Mutant 457 | -10/Materials | Core integrity fell below 50% 661 | -10/Materials | Discovered new exit (range 14) 673 | -10/Materials | Build established: Scavenger-Mutant 779 | -10/Materials | Entered another Materials area 779 | -9/Materials | Evolved 2 slots: Power x1, Propulsion x1 1262 | -9/Materials | Discovered new exit (range 14) 1295 | -9/Materials | Discovered new exit (range 14) 1375 | -9/Materials | Entered another Materials area 1375 | -8/Materials | Evolved 2 slots: Power x1, Propulsion x1 1482 | -8/Materials | Core integrity fell below 50% 1501 | -8/Materials | Core integrity fell below 20% 1505 | -8/Materials | Destroyed by G-47 Trooper with Particle Gun Last Messages --------------- 01483_ R-06 Scavenger collects Aluminum Leg. 01485_ G-47 Trooper Aluminum Leg severed. 01486_ Sml. Storage Unit destroyed. 01488_ R-06 Scavenger collects Aluminum Leg. 01491_ K-01 Serf collects debris. 01491_ R-06 Scavenger collects Imp. Heat Sink. 01492_ Katana destroyed. 01494_ R-06 Scavenger collects Aluminum Leg. 01495_ Acquired Aluminum Leg. 01495_ K-01 Serf collects debris. 01496_ Imp. Aluminum Leg destroyed. 01496_ Slammed into G-47 Trooper. 01498_ Aluminum Leg destroyed. 01498_ Slammed into G-47 Trooper. 01498_ Destabilizing: Core damaged (-22). 01499_ K-01 Serf collects debris. 01500_ R-06 Scavenger inserts Aluminum Leg into recycling unit. 01501_ K-01 Serf collects debris. 01503_ R-06 Scavenger inserts Aluminum Leg into recycling unit. 01504_ K-01 Serf collects debris. Map ----- +----------------------------------------------------+ | | | | | | | | | | | | | | | | | | | | | | | | | | | | | | | | | | | | | | | | | | | | | | | ??????????????????????############???????????????? | | ???########???????????#%*[ r #???????????????? | | ???##!!!!##???????????##g@[[="Y" #???????????????? | | ???#! !#????????????#!![[%""" #???????????????? | | ???#! !####?????????# !gg [ #???????????????? | | ???# ##T###############g######+###??????????? | | ???# ??????? | | ???# k ??????? | | ???# ??????? | | ???####+######+########+##### ##########???????? | | ????# # T # ## #????????????????? | | ????# """ # ! # "" ## #????????????????? | | ????# """ *#= # """## #????????????????? | | ????# """ # """ # S"## #????????????????? | | ????# !# """"" # """## ##???????????????? | | ????# ! # """"" # """## # ???????????????? | | ????######## """"" # ## # ???????????????? | | ???????????# """ # ## # ???????????????? | | ???????????# # ## # ???????????????? | | ???????????########## ## + ???????????????? | | ????????????????????######### # ???????????????? | | ????????????????????????????# # ???????????????? | | ????????????????????????????# # ???????????????? | | ????????????????????????????# # ???????????????? | | ??????????????????########### ##???????????????? | | ??????????????????# # #????????????????? | | ?????????????????????????????????????????????????? | +----------------------------------------------------+ Best States ------------- Heat Dissipation 38 Energy Generation 20 Energy Capacity 400 Matter Stores 300 Matter Capacity 300 Sight Range 16 Terrain Scan Density 10 Additional Mass Support 6 Evasion (%) 63 Targeting Accuracy 6 Item Schematics ----------------- Flight Unit | -9/Materials | Hacked Lgt. Ion Engine | -9/Materials | Hacked Robot Schematics ------------------ None Fabricated ------------ Nothing Alien Tech Used ----------------- None Achievements -------------- None Challenges ------------ None Game ------ Seed BombardmentHelicalCutter Manual? 0 Play Time 00:33:50 Cumulative 7.8 hours Start 2021.08.28 @ 15:14:54 End 2021.08.28 @ 15:46:08 Sessions 1 Manual Loads 0 Difficulty Rogue Special Mode None Game No. 10 Rogue 7 Adventurer 3 Explorer 0 Win Type - Total 0 Types 0/0/0/0/0/0/0/0/0 Lore% 11 Gallery% 14 Achievement% 12 Wizard Run 0 Options --------- ASCII 0 Keyboard 0 Movement Arrows Keybinds 0 Fullscreen 1 Font 18/SmallcapsGlow Map View 76x50 Tactical HUD 1 Map Filters NONE Filters NONE Steam 1 RUN: 8dcfa818-b7cd-417a-bf89-c5e2a50b530b